 Dungeon Crawl Stone Soup version 0.29-a0-330-g52719c12eb (webtiles) character file.

Game seed: 2174368764821607880

75 kae the Firebug (level 3, -4/26 HPs)
             Began as a Demigod Fire Elementalist on Apr 23, 2022.
             Slain by Terence
             ... wielding a +0 flail
              (10 damage)
             ... on level 2 of the Dungeon.
             The game lasted 00:01:48 (2736 turns).

kae the Firebug (Demigod Fire Elementalist)         Turns: 2736, Time: 00:01:49

Health: -4/26      AC:  2    Str:  9    XL:     3   Next: 88%
Magic:  6/9        EV: 12    Int: 21    God:
Gold:   63         SH:  0    Dex: 14    Spells: 0/6 levels left

rFire   . . .      SeeInvis .   (no weapon)
rCold   . . .      Faith    .   f - orb {guile}
rNeg    . . .      Spirit   .   a - +0 robe
rPois   .          Reflect  .   (no helmet)
rElec   .          Harm     .   (no cloak)
rCorr   .          Rampage  .   (no gloves)
Will    .....                   (no boots)
Stlth   ++........              o - amulet of magic regeneration
HPRegen 0.08/turn               (no ring)
MPRegen 0.51/turn               (no ring)

@: no status effects
A: high MP 1, forlorn, divine attributes
a: no special abilities


You were on level 2 of the Dungeon.
You visited 1 branch of the dungeon, and saw 2 of its levels.

You collected 63 gold pieces.

Inventory:

Hand Weapons
 e - a +0 hand axe
Armour
 a - a +0 robe (worn)
 f - an orb of guile (worn)
Jewellery
 o - an amulet of magic regeneration (around neck)
Scrolls
 h - 2 scrolls of magic mapping
Potions
 b - a potion of magic
 c - a potion of might {unknown}
 d - 2 potions of degeneration {unknown}
 g - 2 potions of ambrosia {unknown}
 i - a potion of mutation {unknown}
 k - a potion of haste {unknown}
 m - a potion of lignification {unknown}


   Skills:
 - Level 1.7 Dodging
 - Level 1.7 Stealth
 + Level 2.3 Spellcasting
 + Level 1.8 Conjurations
 * Level 3.7 Fire Magic


You couldn't memorise any spells.
You knew the following spells:

 Your Spells              Type           Power      Damage    Failure   Level
a - Foxfire               Conj/Fire      56%        2x1d6     4%          1
b - Scorch                Fire           36%        2d6       4%          2
c - Conjure Flame         Conj/Fire      14%        6-21      13%         3

Your spell library contained the following spells:

 Spells                   Type           Power      Damage    Failure   Level
 Inner Flame              Hex/Fire       10%        N/A       21%         3
 Flame Wave               Conj/Fire      14%        2d6       41%         4


Dungeon Overview and Level Annotations

Branches:
Dungeon (2/15)

Annotations:
D:2 1 runed translucent door, Crazy Yiuf, Terence


Innate Abilities, Weirdness & Mutations

You have an increased reservoir of magic. (+10% MP)
You shall have no god before yourself.
Your divine heritage dramatically boosts your attributes as you level up.


Message History

Casting: Foxfire (safe; 4% risk of failure)
Confirm with . or Enter, or press ? or * to list all spells.
You conjure some foxfire!
The foxfire hits Terence.
Terence is heavily wounded.
Casting: Foxfire (safe; 4% risk of failure)
Confirm with . or Enter, or press ? or * to list all spells.
You conjure some foxfire!
Terence hits you with a +0 flail.
The foxfire hits Terence but does no damage.
Terence is heavily wounded.
The foxfire hits Terence but does no damage.
Terence is heavily wounded.
Terence barely misses you.
Casting: Foxfire (safe; 4% risk of failure)
Confirm with . or Enter, or press ? or * to list all spells.
You conjure some foxfire!
Terence closely misses you.
The foxfire hits Terence.
Terence is severely wounded.
The foxfire hits Terence but does no damage.
Terence is severely wounded.
Terence misses you.
Casting: Foxfire (safe; 4% risk of failure)
Confirm with . or Enter, or press ? or * to list all spells.
You conjure some foxfire!
Terence hits you with a +0 flail.
The foxfire hits Terence but does no damage.
Terence is severely wounded.
The foxfire hits Terence.
Terence is severely wounded.
Terence hits you with a +0 flail.
Casting: Foxfire (safe; 4% risk of failure)
Confirm with . or Enter, or press ? or * to list all spells.
You conjure some foxfire!
Terence hits you with a +0 flail.
The foxfire hits Terence but does no damage.
Terence is severely wounded.
Terence hits you with a +0 flail!
* * * LOW HITPOINT WARNING * * *
Casting: Foxfire (safe; 4% risk of failure)
Confirm with . or Enter, or press ? or * to list all spells.
You conjure some foxfire!
Terence hits you with a +0 flail!
You die...

#.#### #.# #.# #.# #.#
. ##.## ...
##...#########
.....#####v....#......#
........@@#...##.####.#
.....####vv......# #.#
... ####.##### #.# .
#.# #.# ##'##
#####.####
#...###........# #####
#....##.###.##.# ###
#)..# #.....#.# #..#.#
######.# #...#
#.......###....#


You could see Terence (ally target).

Vanquished Creatures
  4 gnolls
  An adder (D:2)
  A dart slug (D:1)
  An endoplasm (D:1)
  A giant cockroach (D:1)
  2 jackals (D:2)
  A quokka (D:2)
  5 ball pythons
  A bat (D:2)
  3 frilled lizards
  6 kobolds
  6 rats
32 creatures vanquished.

Vanquished Creatures (others)
  126 foxfires
126 creatures vanquished.

Grand Total: 158 creatures vanquished

Notes
Turn   | Place    | Note
-------+----------+-------------------------------------------
     0 | D:1      | kae the Demigod Fire Elementalist began the quest for the
                  | Orb.
     0 | D:1      | Reached XP level 1. HP: 14/14 MP: 5/5
    65 | D:1      | Reached skill level 1 in Conjurations
   418 | D:1      | Reached skill level 3 in Fire Magic
   555 | D:1      | Reached XP level 2. HP: 20/20 MP: 5/7
  1044 | D:2      | Learned a level 2 spell: Scorch
  1256 | D:1      | HP: 1/20 [gnoll/+0 flail (10)]
  1258 | D:1      | Reached XP level 3. HP: 1/26 MP: 4/8
  2250 | D:2      | Noticed Terence
  2474 | D:2      | Learned a level 3 spell: Conjure Flame
  2650 | D:2      | Found a runed translucent door.
  2651 | D:2      | Noticed Crazy Yiuf
  2736 | D:2      | Slain by Terence

Illustrated notes

Levels and vault maps discovered:
D:1:      sevenhm_arrival_forest_fort_small_6, layout_basic,
          ebering_ecumenical_altar_rust
D:2:      layout_loops_corners, basic_altar, uniq_terence,
          uniq_crazy_yiuf_cottage

Skill      XL: |  1  2 |
---------------+-------+-----
Conjurations   | 1 |  1.8
Fire Magic     | 3 |  3.7
Spellcasting   | 2 |  2.3
Dodging        | |  1.7
Stealth        | |  1.7

Action                   || total
-------------------------++-------
 Cast: Foxfire           ||    78
       Scorch            ||     5
       Conjure Flame     ||     1
  Use: Scroll            ||     6
Armor: Robe              ||     5
Dodge: Dodged            ||     8

Table legend: (Time is in decaauts)
 A = Elapsed time spent in this place.
 B = Non-inter-level travel time spent in this place.
 C = Inter-level travel time spent in this place.
 D = Time resting spent in this place.
 E = Time spent auto-exploring this place.
 F = Levels seen in this place.
 G = Mean time per level.
                   A        B        C        D        E       F      G
               +--------+--------+--------+--------+--------+-----+--------+
         Total |   2736 |   2668 |     68 |    214 |   2089 |   2 | 1368.0 |
       Dungeon |   2736 |   2668 |     68 |    214 |   2089 |   2 | 1368.0 |
               +--------+--------+--------+--------+--------+-----+--------+

Top non-repeatable levels by time:
     D:2: 1432 daAuts
     D:1: 1304 daAuts
